 Dungeon Crawl Stone Soup version 0.31-a0-1338-gb567cfdca4 (webtiles) character file.

Game seed: 641576925461990307

1020 grandjackal the Trooper (level 8, 0/87 HPs)
             Began as an Oni Gladiator on Dec 21, 2023.
             Slain by an ufetubus (2 damage)
             ... on level 6 of the Dungeon.
             The game lasted 00:04:25 (3774 turns).

grandjackal the Trooper (Oni Gladiator)             Turns: 3774, Time: 00:04:26

Health: 0/87       AC:  3    Str: 21    XL:     8   Next: 22%
Magic:  8/8        EV: 10    Int:  9    God:
Gold:   63         SH:  0    Dex: 10    Spells: 7/7 levels left

rFire   . . .        w - +2 mace (heavy)
rCold   . . .        (no shield)
rNeg    . . .        b - +0 robe
rPois   .            c - +0 hat
rElec   .            (no cloak)
rCorr   .            (gloves unavailable)
SInv    .            (boots unavailable)
Will    .....        k - amulet of regeneration
Stlth   +            (no ring)
HPRegen 1.14/turn    (no ring)
MPRegen 0.11/turn

%: no passive effects
@: lethally poisoned (0 -> 0)
A: drunken brawling, large, unfitting armour, horns 1, tough skin 1, double
potion healing
a: no special abilities


You were on level 6 of the Dungeon.
You visited 1 branch of the dungeon, and saw 6 of its levels.

You collected 222 gold pieces.
You spent 159 gold pieces at shops.

Inventory:

Hand Weapons
 a - a +0 flail
 w - a +2 heavy mace (weapon)
 x - a +0 giant spiked club
Missiles
 d - a throwing net (quivered)
 e - a large rock
 v - 2 boomerangs
Armour
 b - a +0 robe (worn)
 c - a +0 hat (worn)
Jewellery
 k - an amulet of regeneration (around neck)
Wands
 A - a wand of flame (20)
 B - a wand of roots (7)
Scrolls
 g - a scroll of vulnerability {unknown}
 h - 4 scrolls of teleportation
 i - a scroll of enchant weapon {unknown}
 j - a scroll of poison {unknown}
 n - 2 scrolls of enchant armour {unknown}
 p - 2 scrolls of identify {unknown}
 q - 2 scrolls of immolation {unknown}
 t - a scroll of blinking
 u - a scroll of fog
 y - a scroll of revelation {unknown}
Potions
 f - 6 potions of curing {unknown}
 l - a potion of cancellation {unknown}
 m - 3 potions of resistance {unknown}
 o - 3 potions of mutation {unknown}
 r - a potion of attraction {unknown}
 s - a potion of invisibility {unknown}
 z - a potion of heal wounds {unknown}
 C - a potion of enlightenment {unknown}


   Skills:
 + Level 7.4 Fighting
 + Level 6.0 Maces & Flails
 + Level 5.5 Throwing
 - Level 3.0 Dodging


You had 7 spell levels left.
You didn't know any spells.
Your spell library contained the following spells:

 Spells                   Type           Power      Damage    Failure   Level
 Shock                    Conj/Air       0%         1d3       38%         1
 Dazzling Flash           Conj/Hex       0%         N/A       77%         3
 Mephitic Cloud           Conj/Alch/Air  0%         N/A       77%         3
 Swiftness                Air            0%         N/A       77%         3
 Airstrike                Air            0%         2d(0-16)  99%         4
 Agony                    Necr           0%         N/A       100%        5
 Silence                  Hex/Air        0%         N/A       100%        5


Dungeon Overview and Level Annotations

Branches:
Dungeon (6/15)
 Temple: D:4-7

Altars:
Vehumet

Shops:
D:4 *!?(?


Innate Abilities, Weirdness & Mutations

Whenever you drink a potion that restores your health or magic, you attack all enemies around you.
You are too large for most types of armour.
You have a pair of small horns on your head.
You have tough skin. (AC +1)
Whenever you drink a potion that restores your health or magic, it restores twice as much.


Message History

Unknown command.
You are too injured to fight recklessly!
You are too injured to fight recklessly!
You sock Blork the orc! Your headbutt misses Blork the orc.
Blork the orc is heavily wounded.
You feel very sick. Blork the orc hits you with a +0 mace.
* * * LOW HITPOINT WARNING * * *
Blork the orc barely misses you.
Blork the orc begins to cast a cantrip, but forgets the words!
Throw: 2 throwing nets
Press: ? - help, Q - select action, (/) - cycle Shift-Dir - straight line, f - Blork the orc
Aim: Blork the orc, wielding a +0 mace and wearing a +0 robe (heavily wounded, fast, 63% to hit)
You throw a throwing net. The throwing net hits Blork the orc.
Blork the orc is caught in the net!
Blork the orc is heavily wounded.
You feel sick.
Blork the orc struggles against the net.
Unknown command.
You sock Blork the orc!
Blork the orc is almost dead.
You feel very sick.
Blork the orc struggles against the net. x2
The net rips apart, and Blork the orc comes free!
You hit Blork the orc.
Blork the orc is almost dead.
You feel sick.
Blork the orc points at you and mumbles some strange words.
The puff of flame hits you!
* * * LOW HITPOINT WARNING * * *
Blork the orc casts a spell at you. The magic dart hits you!
* * * LOW HITPOINT WARNING * * *
You thump Blork the orc!
You kill Blork the orc!
You feel sick. The ufetubus hits you.
* * * LOW HITPOINT WARNING * * *
The ufetubus hits you but does no damage.
The ufetubus hits you.
You die...

.....# ##<...
...... ......
#..#.. .....#
#.....###...?.#
.............
........... .
#.......# #..
#@#...#
#...###5#.#.#
#o........#
##......#....
#..##..## ..
#..##...#
#.......#
###......## ##
.........##..#..


You could see an ufetubus.

Vanquished Creatures
  Eustachio (D:5)
  A water moccasin (D:6)
  2 ogres
  A phantom (D:4)
  Blork the orc (D:6)
  A howler monkey (D:5)
  A hound (D:6)
  An orc priest (D:5)
  A gnoll bouda (D:4)
  2 iguanas
  3 orc wizards
  Natasha (thrice) (D:3)
  3 gnolls (D:4)
  5 adders
  2 bombardier beetles
  A shadow imp (D:4)
  A white imp (D:6)
  An ufetubus (D:6)
  2 worms
  2 dart slugs
  11 orcs
  A bat (D:1)
  8 endoplasms
  2 giant cockroaches
  9 goblins
  3 hobgoblins
  4 jackals (D:2)
  3 quokkas
  7 ball pythons
  3 frilled lizards
  10 kobolds
  8 rats
104 creatures vanquished.

Notes
Turn   | Place    | Note
-------+----------+-------------------------------------------
     0 | D:1      | grandjackal the Oni Gladiator began the quest for the Orb.
     0 | D:1      | Reached XP level 1. HP: 22/22 MP: 1/1
   452 | D:1      | Reached skill level 3 in Fighting
   452 | D:1      | Reached XP level 2. HP: 31/31 MP: 2/2
   898 | D:2      | Reached XP level 3. HP: 25/37 MP: 3/3
  1131 | D:2      | Reached XP level 4. HP: 48/48 MP: 4/4
  1501 | D:3      | Noticed Natasha
  1513 | D:3      | Killed Natasha
  1514 | D:3      | Reached skill level 4 in Fighting
  1686 | D:3      | Reached XP level 5. HP: 50/54 MP: 5/5
  1688 | D:3      | Noticed Natasha
  1698 | D:3      | Killed Natasha
  1753 | D:3      | Noticed Natasha
  1764 | D:3      | Killed Natasha
  2183 | D:4      | Found Aghutwyisk's Antique Weapon Boutique.
  2216 | D:4      | Found Ucwiug's Magic Scroll Emporium.
  2223 | D:4      | Bought a scroll of blinking for 75 gold pieces
  2223 | D:4      | Bought a scroll of teleportation for 30 gold pieces
  2238 | D:4      | Bought a scroll of fog for 40 gold pieces
  2275 | D:4      | Found a radiant altar of Vehumet.
  2322 | D:4      | Noticed an ogre
  2331 | D:4      | Killed an ogre
  2332 | D:4      | Reached skill level 5 in Fighting
  2332 | D:4      | Reached XP level 6. HP: 19/66 MP: 6/6
  2480 | D:4      | Found Gikh's Magic Scroll Emporium.
  2536 | D:4      | Found Fimas's General Store.
  2605 | D:4      | Reached XP level 7. HP: 61/74 MP: 7/7
  2612 | D:4      | Reached skill level 6 in Fighting
  2612 | D:4      | Reached skill level 5 in Maces & Flails
  2684 | D:4      | Found Yssail's Distillery.
  2689 | D:4      | Bought a potion of degeneration for 14 gold pieces
  2950 | D:5      | Entered Level 5 of the Dungeon
  3298 | D:5      | Reached skill level 5 in Throwing
  3635 | D:5      | Noticed Eustachio
  3663 | D:5      | Killed Eustachio
  3664 | D:5      | Reached skill level 7 in Fighting
  3664 | D:5      | Reached XP level 8. HP: 41/87 MP: 8/8
  3758 | D:6      | Noticed Blork the orc
  3774 | D:6      | Killed Blork the orc
  3774 | D:6      | HP: 2/87 [ufetubus (3)]
  3774 | D:6      | Slain by an ufetubus

Illustrated notes

Levels and vault maps discovered:
D:1:      minmay_arrival_four_loops, layout_basic, kennysheep_doodads
D:2:      layout_loops_cross
D:3:      layout_basic, serial_rivers, chequers_serial_rivers_room_b,
          chequers_serial_rivers_micro_a, chequers_serial_rivers_small_b,
          chequers_serial_rivers_room_a, st_stairs_13, minmay_stone_trees_small,
          uniq_natasha
D:4:      layout_rooms, nicolae_vehumet_radiance, serial_shops, shop,
          shop_fountains, nicolae_shop_behind_doors,
          nicolae_shop_rolling_square, nicolae_shop_behind_doors,
          kennysheep_nondescript
D:5:      layout_basic, uniq_eustachio
D:6:      layout_cave_pools, mainiacjoe_overflow_boulevard, temple_doors_e,
          nrook_uturn, palyth_stone_intersect, minivault_26, uniq_blork_the_orc

Skill      XL: |  1  2  3  4  5  6  7  8 |
---------------+-------------------------+-----
Fighting       | 3 4 5 7 |  7.4
Dodging        | 3 |  3.0
Throwing       | 3 4 5 |  5.5
Maces & Flails | 4 5 6 |  6.0

Action                     |  1- 3 |  4- 6 |  7- 9 || total
---------------------------+-------+-------+-------++-------
  Melee: Flail             |    92 |    93 |       ||   185
         Headbutt          |    11 |    16 |    13 ||    40
         Mace              |       |    48 |    81 ||   129
         Punch             |       |     1 |     1 ||     2
  Throw: Throwing net      |       |     1 |     1 ||     2
   Stab: Sleeping          |       |     1 |       ||     1
 Armour: Robe              |    58 |   101 |   100 ||   259
  Dodge: Dodged            |    56 |    76 |    48 ||   180

Table legend: (Time is in decaauts)
 A = Elapsed time spent in this place.
 B = Non-inter-level travel time spent in this place.
 C = Inter-level travel time spent in this place.
 D = Time resting spent in this place.
 E = Time spent auto-exploring this place.
 F = Levels seen in this place.
 G = Mean time per level.
                   A        B        C        D        E       F      G
               +--------+--------+--------+--------+--------+-----+--------+
         Total |   3904 |   3774 |    130 |    277 |   2659 |   6 |  650.7 |
       Dungeon |   3904 |   3774 |    130 |    277 |   2659 |   6 |  650.7 |
               +--------+--------+--------+--------+--------+-----+--------+

Top non-repeatable levels by time:
     D:1: 879 daAuts
     D:5: 816 daAuts
     D:4: 816 daAuts
     D:3: 694 daAuts
     D:2: 648 daAuts
     D:6: 49 daAuts
